 Dungeon Crawl Stone Soup version 0.25-b1-37-g2669288c55 (webtiles) character file.

Game seed: 6447459904965888025

191 GreyFruit the Slasher (level 5, 0/39 HPs)
             Began as a Demonspawn Gladiator on June 5, 2020.
             Slain by a sky beast (5 damage)
             ... on level 6 of the Dungeon.
             The game lasted 00:06:00 (2513 turns).

GreyFruit the Slasher (Demonspawn Gladiator)        Turns: 2513, Time: 00:06:01

Health: 0/39       AC:  5    Str: 15    XL:     5   Next: 42%
Magic:  5/5        EV: 13    Int: 10    God:
Gold:   208        SH:  0    Dex: 14    Spells: 4/4 levels left

rFire    . . .     SeeInvis .   a - +0 long sword
rCold    . . .     Gourm    .   (no shield)
rNeg     . . .     Faith    .   b - +0 leather armour
rPois    .         Spirit   .   (helmet restricted)
rElec    .         Reflect  .   (no cloak)
rCorr    .         Harm     .   (no gloves)
MR       .....                  (no boots)
Stlth    +.........             (no amulet)
HPRegen  0.13/turn              (no ring)
MPRegen  0.09/turn              (no ring)

@: no status effects
A: antennae 1, thin metallic scales 1, powered by death 1
a: no special abilities


You were on level 6 of the Dungeon.
You were very hungry.

You visited 1 branch of the dungeon, and saw 4 of its levels.

You collected 208 gold pieces.

Inventory:

Hand Weapons
 a - a +0 long sword (weapon)
Missiles
 d - 3 throwing nets (quivered)
 i - 8 boomerangs
Armour
 b - a +0 leather armour (worn)
 h - a cursed +0 leather armour
Scrolls
 c - a scroll of random uselessness {unknown}
 e - 2 scrolls of blinking {unknown}
 g - 4 scrolls of identify {unknown}
 j - a scroll of noise {unknown}
 n - a scroll of teleportation {unknown}
 o - a scroll of magic mapping {unknown}
 p - a scroll of enchant armour {unknown}
 r - a scroll of amnesia {unknown}
Comestibles
 f - 4 rations


   Skills:
 + Level 2.6 Fighting
 + Level 4.1 Long Blades
 + Level 1.9 Throwing
 + Level 1.7 Armour
 + Level 3.5 Dodging
 + Level 0.9 Stealth


You had 4 spell levels left.
You didn't know any spells.
Your spell library was empty.

Dungeon Overview and Level Annotations

Branches:
Dungeon (3/15)

Altars:
Elyvilon


Innate Abilities, Weirdness & Mutations

You have a pair of small antennae on your head.
You are partially covered in thin metallic scales. (AC +2)
You regenerate a little health from kills.


Message History

The sky beast flickers out of sight!
Deactivating autopickup; reactivate with Ctrl-A.
A sky beast appears from thin air!
Reactivating autopickup.
You feel a little less clever now.
You enter the shallow water.
Moving in this stuff is going to be slow.
The sky beast hits you but does no damage.
You enter the shallow water.
Moving in this stuff is going to be slow.
The sky beast flickers out of sight!
Deactivating autopickup; reactivate with Ctrl-A.
You hit something. Something hits you but does no damage.
You closely miss something. Something hits you but does no damage.
Something hits you. Something shocks you.
* * * LOW HITPOINT WARNING * * *
You miss something. Something hits you.
* * * LOW HITPOINT WARNING * * *
Something shocks you.
You die...

#..............####....#..##..
#.####..........# ##......# ##
##...........## #.......#
#.............###........
###...........#...##......
#..............###.......
##......#.....###..#####..
##.....##{.......#
#.....#.@##..###.#
#.......###.## # #........ #.#
#..##.....#># ##. #.#.....# #
.####...# .. ##.# ### ##


There were no monsters in sight!

Vanquished Creatures
  A black bear (D:6)
  A hound skeleton (D:6)
  2 adders
  An ooze (D:1)
  A worm (D:3)
  5 dart slugs
  2 leopard geckos
  A ball python (D:1)
  2 giant cockroaches (D:2)
  11 goblins
  6 hobgoblins
  5 bats
  A frilled lizard (D:1)
  8 kobolds
  6 rats
53 creatures vanquished.

Notes
Turn   | Place    | Note
-------+----------+-------------------------------------------
     0 | D:1      | GreyFruit the Demonspawn Gladiator began the quest for the
                  | Orb.
     0 | D:1      | Reached XP level 1. HP: 16/16 MP: 1/1
   123 | D:1      | Reached skill level 3 in Long Blades
   124 | D:1      | Gained mutation: You regenerate a little health from kills.
                  | [demonic ancestry]
   124 | D:1      | Reached XP level 2. HP: 7/22 MP: 2/2
   544 | D:1      | Gained mutation: You have a pair of small antennae on your
                  | head. [demonic ancestry]
   544 | D:1      | Reached XP level 3. HP: 27/27 MP: 3/3
  1570 | D:2      | Reached XP level 4. HP: 33/33 MP: 4/4
  1845 | D:3      | Reached skill level 1 in Armour
  2142 | D:3      | You fall into a shaft and drop 3 floors!
  2202 | D:6      | Found a white marble altar of Elyvilon.
  2260 | D:6      | Noticed a black bear
  2281 | D:6      | Killed a black bear
  2281 | D:6      | Reached skill level 4 in Long Blades
  2281 | D:6      | Gained mutation: You are partially covered in thin metallic
                  | scales. (AC +2) [demonic ancestry]
  2281 | D:6      | Reached XP level 5. HP: 16/39 MP: 5/5
  2435 | D:6      | Noticed a sky beast
  2513 | D:6      | Slain by a sky beast

Illustrated notes

Levels and vault maps discovered:
D:1:      zaba_arrival_water, layout_basic, solitary_fountain
D:2:      cheibrodos_greedy_goblins, layout_loops_ring
D:3:      layout_rooms, bh_walls_and_bars
D:6:      layout_layer_cave, overflow_temple_1_default, lemuel_crystal_altar,
          minmay_chambers_of_fives

Skill      XL: |  1  2  3  4 |
---------------+-------------+-----
Long Blades    | 3 4 |  4.1
Dodging        | 3 |  3.5
Armour         | 1 |  1.7
Fighting       | |  2.6
Throwing       | |  1.9
Stealth        | |  0.9

Action                   |  1- 3 |  4- 6 || total
-------------------------+-------+-------++-------
Melee: Long sword        |   102 |    46 ||   148
  Use: Potion            |       |     5 ||     5
 Stab: Sleeping          |     1 |     4 ||     5
  Eat: Chunk             |     2 |     2 ||     4
Armor: Leather armour    |    31 |    16 ||    47
Dodge: Dodged            |    74 |    57 ||   131
       Rpst.: Long sword |    20 |     7 ||    27
